 Dungeon Crawl Stone Soup version 0.28-a0-895-g6e5f11bd55 (webtiles) character file.

Game seed: 15862502914863900960

4200 mcbry74 the Cleaver (level 10, 0/77 HPs)
             Began as a Hill Orc Fighter on Nov 22, 2021.
             Was an Elder of Fedhas.
             Slain by a wolf spider (11 damage)
             ... on level 8 of the Dungeon.
             The game lasted 00:28:07 (7185 turns).

mcbry74 the Cleaver (Hill Orc Fighter)              Turns: 7185, Time: 00:28:08

Health: 0/77       AC: 20    Str: 23    XL:     10   Next: 29%
Magic:  15/15      EV:  6    Int: 14    God:    Fedhas [****..]
Gold:   284        SH:  4    Dex: 10    Spells: 9/9 levels left

rFire   . . .      SeeInvis .   a - +1 war axe (vorpal)
rCold   . . .      Faith    .   c - +0 buckler
rNeg    . . .      Spirit   .   h - +1 plate armour
rPois   .          Reflect  .   (no helmet)
rElec   .          Harm     .   f - +0 cloak
rCorr   .          Rampage  .   I - +0 pair of gloves
Will    .....                   (no boots)
Stlth   ..........              o - amulet of the acrobat
HPRegen 0.22/turn               j - +4 ring of protection
MPRegen 0.14/turn               s - +6 ring of intelligence

@: studying Necromancy
A: no striking features
a: Renounce Religion, Wall of Briars, Grow Ballistomycete, Overgrow


You were on level 8 of the Dungeon.
You worshipped Fedhas.
Fedhas was greatly pleased with you.
You visited 1 branch of the dungeon, and saw 8 of its levels.
You also visited: Sewer.

You collected 342 gold pieces.
You spent 58 gold pieces at shops.

Inventory:

Hand Weapons
 a - a +1 vorpal war axe (weapon)
 k - a +1 antimagic hand axe
 H - a +2 battleaxe
 J - a +0 war axe
 O - a +4 flail
Missiles
 B - a throwing net
 D - 43 poisoned darts (quivered)
 N - 6 curare-tipped darts
Armour
 b - a +0 scale mail
 c - a +0 buckler (worn)
 f - a +0 cloak (worn)
 g - a +0 chain mail
 h - a +1 plate armour (worn)
 n - a +0 ring mail of positive energy
 I - a +0 pair of gloves (worn)
Jewellery
 i - a ring of wizardry
 j - a +4 ring of protection (left hand)
 o - an amulet of the acrobat (around neck)
 q - a ring of ice
 s - a +6 ring of intelligence (right hand)
 t - a ring of positive energy
 y - a ring of flight
 z - a ring of resist corrosion
 P - a ring of ice
Wands
 x - a wand of mindburst (17)
 A - a wand of paralysis (5)
 C - a wand of flame (21)
 K - a wand of acid (12)
 M - a wand of polymorph (10)
Scrolls
 l - 6 scrolls of magic mapping
 m - 4 scrolls of teleportation
 F - a scroll of blinking
Potions
 d - a potion of curing
 e - a potion of mutation
 p - 2 potions of brilliance
 r - 2 potions of magic
 u - 2 potions of attraction
 v - a potion of heal wounds {unknown}
 w - a potion of lignification {unknown}
 E - a potion of cancellation {unknown}
 G - 2 potions of flight
 L - a potion of haste {unknown}
 Q - a potion of degeneration {unknown}


   Skills:
 - Level 3.6 Fighting
 - Level 12.0(13.0) Axes
 + Level 7.0(9.5) Maces & Flails
 - Level 6.6 Armour
 - Level 3.2 Shields
 - Level 4.1 Necromancy
 - Level 7.8 Invocations
 - Level 3.8 Evocations


You had 9 spell levels left.
You didn't know any spells.
Your spell library contained the following spells:

 Spells                   Type           Power      Damage    Failure   Level
 Shock                    Conj/Air       0%         1d3       99%         1
 Ozocubu's Armour         Ice            0%         N/A       100%        3
 Stone Arrow              Conj/Erth      0%         3d7       100%        3
 Swiftness                Air            0%         N/A       100%        3
 Airstrike                Air            0%         N/A       100%        4
 Animate Armour           Summ/Erth      0%         N/A       100%        4
 Metabolic Englaciation   Hex/Ice        0%         N/A       100%        5
 Simulacrum               Ice/Necr       2%         N/A       100%        6
 Lehudib's Crystal Spear  Conj/Erth      0%         10d2      100%        8


Dungeon Overview and Level Annotations

Branches:
Dungeon (8/15)             Temple (0/1) D:7           Sewer (visited)
   Lair: D:8-11

Altars:
Cheibriados
Elyvilon
Fedhas
Gozag
Kikubaaqudgha
Qazlal
Ru
Sif Muna
Trog
Yredelemnul
Zin
The Shining One

Shops:
D:2 [   D:5 *   D:6 *


Message History

The wolf spider is lightly wounded.
The wolf spider hits you.
The wolf spider bites you but does no damage.
The wolf spider hits you. The wolf spider bites you.
You are poisoned.
The wolf spider poisons you!
You hit the wolf spider.
The wolf spider is lightly wounded.
You feel very sick.
The wolf spider hits you but does no damage.
The wolf spider closely misses you.
You slash the wolf spider!
The wolf spider is moderately wounded.
You feel very sick. The wolf spider barely misses you.
The wolf spider bites you but does no damage.
You slash the wolf spider!
The wolf spider is severely wounded.
You feel very sick.
The wolf spider hits you but does no damage.
The wolf spider bites you!
You closely miss the wolf spider.
The wolf spider is severely wounded.
You feel sick. The wolf spider hits you!
* * * LOW HITPOINT WARNING * * *
The wolf spider bites you.
* * * LOW HITPOINT WARNING * * *
You block the wolf spider's attack. The wolf spider bites you.
* * * LOW HITPOINT WARNING * * *
You are more poisoned.
The wolf spider poisons you!
You feel better. The wolf spider hits you.
* * * LOW HITPOINT WARNING * * *
The wolf spider bites you!
* * * LOW HITPOINT WARNING * * *
You closely miss the wolf spider.
The wolf spider is severely wounded.
The wolf spider hits you!
You die...
Fedhas appreciates your contribution to the ecosystem.

........##
##...###.#...#.## ....
#####.##.#
#.##...............#
#)####
##############.###.#
##.### #.# #.# #....#
♣# #♣ #.# #.# #.#.## .#
#Y #.# #.# #.#.## .#Y
#.###.# #.#..# #s#
#.)##.# #.#.## #@#
#####.##.## #.#.#
#♣♣.♣♣ ♣.♣♣#.#...##
#<#.# #≈≈≈P♣
♣♣.♣#......# #.^.#
#♣♣P≈♣# ♣♣.#.).....
###.# ♣♣♣≈#
♣♣.♣#)##.### #.# ♣♣
♣P≈♣#♣♣.♣♣#.#### #.#
♣.♣#♣♣≈P♣ ♣)♣♣ #.# #.#♣
♣♣.♣♣≈♣♣♣♣♣♣)♣♣#)#
#..♣♣♣....≈P≈...♣....)#


You could see a wolf spider and 2 yaks.

Vanquished Creatures
  The ghost of casual the Ducker, a novice DsTm of Cheibriados (D:7)
  Grinder (D:3)
  Sigmund (D:2)
  A shadow (D:8)
  A water moccasin (D:8)
  2 ice beasts
  3 black bears
  2 orc warriors (D:8)
  3 ogres
  A phantom (D:6)
  6 kobold brigands
  2 bullfrogs
  A scorpion (D:5)
  A water moccasin zombie (D:5)
  A water moccasin skeleton (D:6)
  12 wights
  A bullfrog zombie (D:6)
  3 hounds (D:6)
  3 orc priests
  A gnoll shaman (D:5)
  A jelly (D:6)
  A centaur skeleton (D:6)
  A bullfrog skeleton (D:5)
  2 iguanas (D:7)
  6 orc wizards
  A hound skeleton (D:5)
  A howler monkey zombie (D:6)
  3 gnolls (D:5)
  11 adders
  2 river rats (Sewer)
  A shadow imp (D:5)
  3 white imps
  7 worms (Sewer)
  A dart slug (D:4)
  17 orcs
  4 ball pythons
  9 endoplasms
  5 giant cockroaches
  6 hobgoblins
  8 jackals
  8 quokkas
  5 bats
  2 frilled lizards
  4 goblins
  23 kobolds
  5 rats
184 creatures vanquished.

Vanquished Creatures (collateral kills)
  4 ballistomycete spores (D:7)
4 creatures vanquished.

Vanquished Creatures (others)
  11 fungi (D:6)
11 creatures vanquished.

Grand Total: 199 creatures vanquished

Notes
Turn   | Place    | Note
-------+----------+-------------------------------------------
     0 | D:1      | mcbry74 the Hill Orc Fighter began the quest for the Orb.
     0 | D:1      | Reached XP level 1. HP: 19/19 MP: 1/1
   122 | D:1      | Reached skill level 3 in Axes
   147 | D:1      | Reached XP level 2. HP: 24/26 MP: 2/2
   262 | D:1      | Reached skill level 4 in Axes
   419 | D:1      | Found a faded altar of an unknown god.
   432 | D:1      | Prayed at the altar of an unknown god.
   432 | D:1      | Became a worshipper of Fedhas Madash
   432 | D:1      | Reached * piety under Fedhas
   620 | D:2      | Reached XP level 3. HP: 31/31 MP: 3/3
   937 | D:2      | Found Biruegresch's Armour Shoppe.
   958 | D:2      | Reached skill level 5 in Axes
   958 | D:2      | Reached skill level 1 in Invocations
  1024 | D:2      | Reached XP level 4. HP: 39/39 MP: 3/5
  1115 | D:2      | Noticed Sigmund
  1129 | D:2      | Killed Sigmund
  1130 | D:2      | Reached skill level 7 in Axes
  1130 | D:2      | Reached XP level 5. HP: 42/45 MP: 5/7
  1304 | D:3      | Reached XP level 6. HP: 51/51 MP: 8/8
  1396 | D:3      | Reached ** piety under Fedhas
  1859 | D:3      | Noticed Grinder
  1884 | D:3      | Killed Grinder
  1885 | D:3      | Reached skill level 8 in Axes
  1885 | D:3      | Reached XP level 7. HP: 37/57 MP: 8/10
  2072 | D:4      | Found a basalt altar of Yredelemnul.
  2183 | D:4      | Found a bloodstained altar of Trog.
  2208 | D:4      | Found an ancient bone altar of Kikubaaqudgha.
  2350 | D:4      | Reached skill level 5 in Invocations
  2581 | D:4      | Found a shimmering blue altar of Sif Muna.
  2769 | D:4      | Found a glowing golden altar of the Shining One.
  2770 | D:4      | Found a glowing silver altar of Zin.
  2772 | D:4      | Found a white marble altar of Elyvilon.
  2894 | D:5      | Entered Level 5 of the Dungeon
  2919 | D:5      | Found a sacrificial altar of Ru.
  2994 | D:5      | Reached skill level 9 in Axes
  3175 | D:5      | Found Tosass's Assorted Antiques.
  3196 | D:5      | Reached XP level 8. HP: 58/64 MP: 10/12
  3202 | D:5      | Bought a scroll labelled PUCAUXKU CILI for 29 gold pieces
  3202 | D:5      | Bought a scroll labelled PAIVUCO FAFUTS for 29 gold pieces
  3320 | D:5      | Reached skill level 5 in Armour
  3423 | D:5      | Reached skill level 1 in Evocations
  3661 | D:6      | Found a glowing drain.
  3674 | D:6      | Reached *** piety under Fedhas
  3681 | Sewer    | Entered a sewer
  3886 | Sewer    | Reached skill level 10 in Axes
  4480 | D:6      | Identified a scroll of acquirement
  4480 | D:6      | Acquired a manual of Necromancy
  4794 | D:6      | Found an opulent altar of Gozag.
  4823 | D:6      | Reached skill level 1 in Necromancy
  4823 | D:6      | Reached XP level 9. HP: 63/70 MP: 14/14
  5096 | D:6      | Reached skill level 11 in Axes
  5100 | D:6      | Reached **** piety under Fedhas
  5288 | D:6      | Found Gozag's Platinum Reserve.
  5375 | D:6      | Found a snail-covered altar of Cheibriados.
  5580 | D:7      | Found a large runed translucent door.
  5580 | D:7      | Found a large runed translucent door.
  5586 | D:7      | Found a staircase to the Ecumenical Temple.
  5613 | D:7      | Found a stormy altar of Qazlal.
  5781 | D:7      | Noticed casual's ghost (novice DsTm)
  5812 | D:7      | Killed casual's ghost
  5813 | D:7      | Reached skill level 12 in Axes
  5970 | D:7      | Reached skill level 1 in Maces & Flails
  6389 | D:8      | Reached XP level 10. HP: 57/77 MP: 15/15
  6591 | D:8      | Reached skill level 5 in Maces & Flails
  7177 | D:8      | Noticed a wolf spider
  7185 | D:8      | Slain by a wolf spider

Illustrated notes

Levels and vault maps discovered:
D:1:      minmay_arrival_wavy_path, layout_basic,
          chequers_ecumenical_altar_simple, minmay_tripent
D:2:      layout_rooms, serial_shops, shop, minmay_misc_feat_hallway,
          eino_curves_02, nrook_mini_backslash, grunt_ministairs_8, uniq_sigmund
D:3:      layout_rooms, grunt_decor_junction, uniq_grinder
D:4:      layout_loops_ring, good_gods_temple_1, yredelemnul_altar_generic,
          bloody_trog, mainiacjoe_overflow_catwalk,
          mainiacjoe_overflow_surrounded_room
D:5:      layout_rooms, nicolae_ru_the_path_less_chosen, serial_shops, shop
D:6:      layout_rooms, cheibriados_altar_1, nicolae_gozag_zags_fifth_avenue,
          serial_aquarium, aquarium_bridge_straight [aquarium_subvault_bridge,
          aquarium_subvault_window, aquarium_subvault_bridge,
          aquarium_subvault_wall], aquarium_window_corridor_3,
          aquarium_window_corner, aquarium_view_2g, aquarium_view_2a,
          gup_sewer_entry_pipe
D:7:      layout_gridville, kennysheep_little_box,
          minmay_temple_entry_glassed_door, ebering_ghost_disaster_area,
          amcnicky_mini_corridor_feature
D:8:      nzn_winding_woodlands_three_and_one
          [nzn_winding_woodlands_5x15_crooked,
          nzn_winding_woodlands_5x15_lazy_stream,
          nzn_winding_woodlands_5x15_jagged,
          nzn_winding_woodlands_center_diamonds], layout_loops_ring,
          nicolae_dithmenos_through_a_glass_darkly, minivault_23

Skill      XL: |  1  2  3  4  5  6  7  8  9 10 |
---------------+-------------------------------+-----
Axes           | 3 4 5 7 8 9 10 12 | 12.0
Invocations    | 1 3 4 5 6 7 |  7.8
Armour         | 4 5 6 |  6.6
Evocations     | 2 3 |  3.8
Necromancy     | 1 4 |  4.1
Maces & Flails | 4 7 |  7.0
Fighting       | |  3.6
Shields        | |  3.2

Action                   |  1- 3 |  4- 6 |  7- 9 | 10-12 || total
-------------------------+-------+-------+-------+-------++-------
Melee: War axe           |    74 |    68 |   355 |   101 ||   598
Throw: Dart              |       |     2 |    10 |       ||    12
Invok: Grow Ballistomyce |       |       |     2 |       ||     2
  Use: Scroll            |     3 |       |    12 |       ||    15
       Potion            |       |     2 |       |     1 ||     3
 Stab: Confused          |       |       |     1 |       ||     1
Armor: Scale mail        |    37 |       |       |       ||    37
       Chain mail        |     3 |     7 |       |       ||    10
       Plate armour      |       |    31 |   170 |    53 ||   254
Dodge: Dodged            |    31 |    19 |    96 |    21 ||   167
Block: Buckler           |    11 |    16 |    59 |    16 ||   102

Table legend: (Time is in decaauts)
 A = Elapsed time spent in this place.
 B = Non-inter-level travel time spent in this place.
 C = Inter-level travel time spent in this place.
 D = Time resting spent in this place.
 E = Time spent auto-exploring this place.
 F = Levels seen in this place.
 G = Mean time per level.
                   A        B        C        D        E       F      G
               +--------+--------+--------+--------+--------+-----+--------+
         Total |   7383 |   7256 |    127 |   1005 |   4549 |   9 |  820.3 |
       Dungeon |   6433 |   6306 |    127 |    999 |   3940 |   8 |  804.1 |
         Sewer |    950 |    950 |      0 |      6 |    608 |   1 |  950.0 |
               +--------+--------+--------+--------+--------+-----+--------+

Top non-repeatable levels by time:
     D:6: 1161 daAuts
   Sewer: 950 daAuts
     D:4: 862 daAuts
     D:8: 819 daAuts
     D:7: 792 daAuts
     D:3: 766 daAuts
     D:5: 731 daAuts
     D:2: 670 daAuts
     D:1: 630 daAuts
